 Dungeon Crawl Stone Soup version 0.30-a0-1102-g2dbb833546 (webtiles) character file.

Game seed: 18293044444379943682

255 CryoSword the Firebug (level 5, -8/45 HPs)
             Began as a Demigod Fire Elementalist on Apr 18, 2023.
             Killed by divine providence
             ... invoked by an orc priest
              (9 damage)
             ... on level 4 of the Dungeon.
             The game lasted 00:04:57 (2985 turns).

CryoSword the Firebug (Demigod Fire Elementalist)   Turns: 2985, Time: 00:04:58

Health: -8/45      AC:  5    Str: 13    XL:     5   Next: 60%
Magic:  4/10       EV: 12    Int: 17    God:
Gold:   136        SH:  0    Dex: 14    Spells: 1/8 levels left

rFire   . . .      SeeInvis +    c - +0 trident
rCold   . . .      Faith    .    (no shield)
rNeg    . . .      Spirit   .    a - +0 robe
rPois   .          Reflect  .    q - +0 helmet
rElec   .          Rampage  .    l - +1 cloak
rCorr   .                        (no gloves)
Will    .....                    (no boots)
Stlth   ++                       (no amulet)
HPRegen 0.27/turn                f - ring of see invisible
MPRegen 0.12/turn                (no ring)

@: hasted, very quick
A: high MP 1, forlorn, divine attributes
a: no special abilities


You were on level 4 of the Dungeon.
You visited 1 branch of the dungeon, and saw 4 of its levels.

You collected 136 gold pieces.

Inventory:

Hand Weapons
 c - a +0 trident (weapon)
   (You found it on level 1 of the Dungeon)
Missiles
 g - 7 poisoned darts
 k - 2 curare-tipped darts (quivered)
Armour
 a - a +0 robe (worn)
 l - a +1 cloak (worn)
   (You found it on level 1 of the Dungeon)
 q - a +0 helmet (worn)
   (You found it on level 2 of the Dungeon)
Jewellery
 e - a ring of ice
   (You found it on level 3 of the Dungeon)
 f - a ring of see invisible (left hand)
   (You found it on level 1 of the Dungeon)
Wands
 d - a wand of iceblast (12)
   (You found it on level 4 of the Dungeon)
Scrolls
 h - a scroll of magic mapping {unknown}
 i - a scroll of blinking {unknown}
 j - a scroll of enchant armour {unknown}
 m - a scroll of amnesia {unknown}
 o - 4 scrolls of teleportation {unknown}
 r - a scroll of acquirement {unknown}
Potions
 b - 2 potions of magic
 n - 2 potions of might
 s - a potion of resistance


   Skills:
 * Level 3.2 Fighting
 + Level 2.0 Polearms
 - Level 1.7 Dodging
 - Level 1.7 Stealth
 - Level 2.0 Spellcasting
 + Level 2.4 Conjurations
 + Level 3.5 Fire Magic


You had one spell level left.
You knew the following spells:

 Your Spells              Type           Power      Damage    Failure   Level
a - Foxfire               Conj/Fire      44%        2x1d6     6%          1
b - Scorch                Fire           26%        2d6       7%          2
c - Flame Wave            Conj/Fire      11%        2d6       50%         4

Your spell library contained the following spells:

 Spells                   Type           Power      Damage    Failure   Level
 Inner Flame              Hex/Fire       7%         N/A       28%         3
 Volatile Blastmotes      Fire/Tloc      14%        2d11      28%         3
 Animate Dead             Necr           1%         N/A       88%         4
 Borgnjor's Vile Clutch   Necr/Erth      0%         N/A       99%         5
 Death Channel            Necr           0%         N/A       100%        6


Dungeon Overview and Level Annotations

Branches:
Dungeon (4/15)
 Temple: D:4-7


Innate Abilities, Weirdness & Mutations

You have an increased reservoir of magic. (+10% MP)
You shall have no god before yourself.
Your divine heritage dramatically boosts your attributes as you level up.


Message History

Could not explore, unopened door.
Could not explore, unopened door.
You open the door.
Found a stone staircase leading up.
There is an open door here.
Could not explore, unopened door.
Could not explore, unopened door.
You open the door.
There is an open door here.
Could not explore, unopened door.
Could not explore, unopened door.
You open the door.
There is an open door here.
Could not explore, unopened door.
You open the door.
There is an open door here.
There is an open door here.
You see here a +0 falchion.
An orc priest is nearby!
An orc priest is nearby!
Flames lash the orc priest.
The orc priest shouts!
The orc priest's fire resistance burns away.
Flames lash the orc priest.
The orc priest is burned terribly!
You kill the orc priest!
Your Fighting skill increases to level 3!
o - 4 scrolls labelled JEIGIDGHYOG (gained 1)
You see here a +0 short sword.
Done exploring.
Done exploring.
Done exploring.
Done exploring.
Things that are here:
a +0 club; a +0 ring mail; an orc skeleton
Items here: ))) [[ ÷÷.
There is a stone staircase leading down here.
Search for what [Enter for "."]? weapon
As you read the scroll of identify {@r1}, it crumbles to dust.
s - a potion of resistance This spell is extremely dangerous to cast!
Memorise Flame Wave, consuming 4 spell levels and leaving 1?
You start memorising the spell.
You continue memorising. x4
You finish memorising.
Spell assigned to 'c'.
You climb downwards.
Found a stone staircase leading up and a stone staircase leading down.
There is a stone staircase leading up here.
Found a stone staircase leading up.
Could not explore, unopened door.
Could not explore, unopened door.
You open the door.
There is an open door here.
Could not explore, unopened door.
Could not explore, unopened door.
You open the door.
There is an open door here.
There is an open door here.
d - a wand of iceblast (12)
There is an open door here.
Found a shadowy altar of Dithmenos.
A howler monkey comes into view.
Found 10 gold pieces.
You conjure some foxfire!
You conjure some foxfire!
The foxfire hits the howler monkey.
The howler monkey howls!
You conjure some foxfire!
The foxfire hits the howler monkey.
The foxfire hits the howler monkey but does no damage.
The foxfire hits the howler monkey.
You conjure some foxfire!
The foxfire hits the howler monkey.
The howler monkey hoots and howls with incredible vigour!
You hear a shout! x6
Found a short sword.
The foxfire hits the howler monkey. x3
You kill the howler monkey!
No target in view!
No target in view!
A giant cockroach comes into view.
A giant cockroach is nearby!
A giant cockroach is nearby!
Flames lash the giant cockroach.
You kill the giant cockroach!
An orc comes into view. It is wielding a +0 falchion.
An orc is nearby!
An orc is nearby!
An orc is nearby!
The orc shouts!
You hear a shout!
You conjure some foxfire!
Flames lash the orc.
You kill the orc!
You hear a shout!
Your Polearms skill increases to level 2!
An orc priest comes into view. It is wielding a +0 trident.
An orc priest is nearby!
An orc priest is nearby!
An orc priest is nearby!
An orc priest comes into view. It is wielding a +0 hand axe.
An orc comes into view.
It is wielding a +0 dagger and quivering boomerangs of dispersal.
You conjure some foxfire!
The orc priest shouts!
You conjure some foxfire!
The foxfire hits the orc priest but does no damage. x2
The orc priest barely misses you.
An orc comes into view. It is wielding a +0 flail.
You conjure some foxfire!
The foxfire hits the orc priest.
The foxfire hits the orc priest but does no damage.
The orc priest misses you.
A kobold comes into view. It is wielding a +0 dagger.
You conjure some foxfire!
The kobold shouts!
The foxfire hits the orc priest.
The foxfire hits the orc priest but does no damage.
The orc priest hits you from afar with a +0 trident.
An orc comes into view. It is wielding a +0 mace.
Flames lash the orc priest.
The orc priest's fire resistance burns away.
The foxfire hits the orc priest.
The foxfire hits the orc priest but does no damage.
The orc priest invokes the aid of Beogh against you.
Beogh smites you! The orc priest closely misses you.
The orc attacks as you move away! The orc hits you but does no damage.
The orc throws a boomerang of dispersal.
The boomerang of dispersal barely misses you.
There is a shadowy altar of Dithmenos here.
The orc priest is no longer more vulnerable to fire.
The kobold hits you but does no damage.
The orc priest invokes the aid of Beogh against you.
Beogh smites you!
* * * LOW HITPOINT WARNING * * *
The orc priest looks braver for a moment.
The orc throws a boomerang of dispersal.
The boomerang of dispersal hits you.
* * * LOW HITPOINT WARNING * * *
You blink.
The orc priest looks braver for a moment.
You feel yourself speed up.
The orc throws a boomerang of dispersal.
The boomerang of dispersal misses you.
The orc throws a boomerang of dispersal.
The boomerang of dispersal barely misses you.
The kobold hits you but does no damage.
The orc throws a boomerang of dispersal.
The boomerang of dispersal closely misses you.
The orc priest looks satisfied for a moment.
The orc priest invokes the aid of Beogh against you.
Beogh smites you!
* * * LOW HITPOINT WARNING * * *
There is an open door here.
The orc throws a boomerang of dispersal.
The boomerang of dispersal hits you but does no damage.
The orc priest invokes the aid of Beogh against you.
Beogh smites you!
You die...

###+###############§.§§§##
#...............####.§§###
......................§...
.........>.......o...#....
#..............o..o..#....
##................o...#....
................oo....#...!
<............K.......####+
###.....#@###'########
#.....#............#
#...<.#............#
#...<.#............#
#.....##############
#.....## #.....# +.....#
#.....#


You could see an orc priest, 2 orcs and a kobold.

Vanquished Creatures
  A howler monkey (D:4)
  2 orc priests (D:3)
  Crazy Yiuf (D:2)
  An orc wizard (D:3)
  2 adders (D:2)
  3 worms
  6 dart slugs
  9 orcs
  7 ball pythons
  2 endoplasms
  2 giant cockroaches
  A goblin (D:3)
  3 hobgoblins
  8 jackals
  3 kobolds
  A quokka (D:1)
  4 bats
  A frilled lizard (D:2)
  7 rats
64 creatures vanquished.

Vanquished Creatures (others)
  109 foxfires
109 creatures vanquished.

Grand Total: 173 creatures vanquished

Notes
Turn   | Place    | Note
-------+----------+-------------------------------------------
     0 | D:1      | CryoSword the Demigod Fire Elementalist began the quest for
                  | the Orb.
     0 | D:1      | Reached XP level 1. HP: 14/14 MP: 5/5
    69 | D:1      | Reached skill level 1 in Conjurations
   244 | D:1      | Reached XP level 2. HP: 21/22 MP: 4/7
   293 | D:1      | Reached skill level 1 in Fighting
   882 | D:1      | Learned a level 2 spell: Scorch
  1032 | D:2      | Found a runed translucent door.
  1033 | D:2      | Noticed Crazy Yiuf
  1060 | D:2      | Reached XP level 3. HP: 28/28 MP: 0/8
  1354 | D:2      | Reached skill level 1 in Polearms
  1630 | D:2      | Reached XP level 4. HP: 36/36 MP: 7/9
  1919 | D:2      | Killed Crazy Yiuf
  2474 | D:3      | Reached XP level 5. HP: 44/44 MP: 0/10
  2858 | D:3      | Learned a level 4 spell: Flame Wave
  2981 | D:4      | HP: 1/45 [orc priest/divine providence (13)]
  2985 | D:4      | Killed from afar by an orc priest

Illustrated notes

Levels and vault maps discovered:
D:1:      mrwooster_arrival_statue, layout_basic,
          chequers_ecumenical_altar_simple_redux, minmay_pentomino_x4
D:2:      layout_basic, uniq_crazy_yiuf_cottage
D:3:      layout_basic, minivault_23
D:4:      layout_gridville, nicolae_dithmenos_the_darkroom, st_stairs_5,
          solitary_fountain

Skill      XL: |  1  2  3  4  5 |
---------------+----------------+-----
Conjurations   | 1 2 |  2.4
Fighting       | 1 2 3 |  3.2
Spellcasting   | 2 |  2.0
Fire Magic     | 3 |  3.5
Polearms       | 1 2 |  2.0
Dodging        | |  1.7
Stealth        | |  1.7

Action                     |  1- 3 |  4- 6 || total
---------------------------+-------+-------++-------
  Melee: Trident           |    71 |    20 ||    91
         Unarmed           |     4 |       ||     4
         Punch             |       |     1 ||     1
   Cast: Foxfire           |    46 |    16 ||    62
         Scorch            |     8 |    19 ||    27
    Use: Scroll            |     3 |     1 ||     4
         Potion            |       |     1 ||     1
   Stab: Sleeping          |     2 |       ||     2
         Distracted        |       |     1 ||     1
 Armour: Robe              |    22 |    10 ||    32
  Dodge: Dodged            |    63 |    20 ||    83

Table legend: (Time is in decaauts)
 A = Elapsed time spent in this place.
 B = Non-inter-level travel time spent in this place.
 C = Inter-level travel time spent in this place.
 D = Time resting spent in this place.
 E = Time spent auto-exploring this place.
 F = Levels seen in this place.
 G = Mean time per level.
                   A        B        C        D        E       F      G
               +--------+--------+--------+--------+--------+-----+--------+
         Total |   3004 |   2896 |    108 |     61 |   2292 |   4 |  751.0 |
       Dungeon |   3004 |   2896 |    108 |     61 |   2292 |   4 |  751.0 |
               +--------+--------+--------+--------+--------+-----+--------+

Top non-repeatable levels by time:
     D:2: 1121 daAuts
     D:1: 911 daAuts
     D:3: 849 daAuts
     D:4: 122 daAuts
